 Dungeon Crawl Stone Soup version 0.31-a0-210-gccc998df9b (webtiles) character file.

Game seed: 5225934061177630792

2822 qw the Skirmisher (level 9, -4/57 HPs)
             Began as a Gargoyle Hexslinger on June 29, 2023.
             Was an Initiate of Okawaru.
             Slain by an orc
             ... wielding a +0 trident
              (6 damage)
             ... on level 9 of the Dungeon.
             The game lasted 00:03:29 (7134 turns).

qw the Skirmisher (Gargoyle Hexslinger)             Turns: 7134, Time: 00:03:30

Health: -4/57      AC: 21    Str: 12    XL:     9   Next: 73%
Magic:  10/10      EV: 11    Int: 14    God:    Okawaru [......]
Gold:   211        SH:  0    Dex: 16    Spells: 9/10 levels left

rFire   . . .        Y - +1 orcbow
rCold   . . .        (shield currently unavailable)
rNeg    + . .        i - +0 ring mail
rPois   inf          p - +0 helmet
rElec   +            (no cloak)
rCorr   .            j - +1 pair of gloves
SInv    +            f - +1 pair of boots
Will    .....        (no amulet)
Stlth   +            q - +4 ring of protection
HPRegen 0.29/turn    t - ring of see invisible
MPRegen 0.12/turn

%: no passive effects
@: no status effects
A: sickness immunity, AC +6, negative energy resistance 1, electricity
resistance, torment resistance 1, petrification resistance
a: Renounce Religion


You were on level 9 of the Dungeon.
You worshipped Okawaru.
Okawaru was noncommittal.
You visited 2 branches of the dungeon, and saw 10 of its levels.
You also visited: Sewer.

You collected 359 gold pieces.
You spent 148 gold pieces at shops.


Innate Abilities, Weirdness & Mutations

You are immune to sickness and miasma.
Your stone body is resilient. (AC +6)
You are immune to poison.
You resist negative energy. (rN+)
You are resistant to electric shocks. (rElec)
You are resistant to unholy torment.
You are immune to petrification.


   Skills:
 - Level 7.1 Fighting
 + Level 10.9 Ranged Weapons
 - Level 3.1 Armour
 - Level 2.1 Dodging
 - Level 1.0 Spellcasting
 - Level 2.6 Hexes


You had 9 spell levels left.
You knew the following spells:

 Your Spells              Type           Power      Damage    Failure   Level
a - Slow                  Hex            32%        N/A       19%         1

Your spell library contained the following spells:

 Spells                   Type           Power      Damage    Failure   Level
 Inner Flame              Hex/Fire       4%         N/A       67%         3
 Portal Projectile        Hex/Tloc       8%         N/A       67%         3
 Cause Fear               Hex            4%         N/A       88%         4

Inventory:

Hand Weapons
 Y - a +1 orcbow (weapon)
Armour
 f - a +1 pair of boots (worn)
 i - a +0 ring mail (worn)
 j - a +1 pair of gloves (worn)
 p - a +0 helmet (worn)
Jewellery
 e - a ring of fire
 k - a ring of ice
 q - a +4 ring of protection (left hand)
 t - a ring of see invisible (right hand)
Wands
 c - a wand of digging (6)
Scrolls
 g - 2 scrolls of identify
Potions
 a - 4 potions of enlightenment
 l - a potion of might
 m - a potion of haste
 n - 2 potions of curing
 o - a potion of cancellation
 r - a potion of resistance
 s - a potion of mutation

Dungeon Overview and Level Annotations

Branches:
Dungeon (9/15)             Temple (1/1) D:6           Sewer (visited)
   Lair: D:8-11         Orc: D:9-12

Altars:
Ashenzari
Cheibriados
Dithmenos
Elyvilon
Fedhas
Gozag
Hepliaklqana
Kikubaaqudgha
Makhleb
Nemelex Xobeh
Okawaru
Qazlal
Ru
Sif Muna
Trog
Uskayaw
Vehumet
Wu Jian
Xom
Yredelemnul
The Shining One

Shops:
D:1 =   D:6 ?   D:7 (

Annotations:
D:7 3 runed translucent doors, qw's ghost, novice DEHu


Message History

The centaur kicks you but does no damage.
The orc barely misses you.
The orc priest calls down the wrath of Beogh upon you.
Beogh smites you! The orc hits you but does no damage.
The gnoll sergeant closely misses you.
The orc warrior hits you but does no damage.
The orc misses you.
You shoot an arrow. The arrow hits the centaur.
The centaur is severely wounded.
The centaur barely misses you. The centaur closely misses you.
The centaur barely misses you. The centaur kicks you.
The orc warrior hits you with a +0 flail!
The orc barely misses you.
The gnoll sergeant hits you but does no damage.
The orc barely misses you. The orc hits you but does no damage.
You shoot an arrow. The arrow hits the centaur.
The centaur is almost dead.
The centaur hits you.
The centaur kicks you but does no damage.
The orc warrior hits you but does no damage.
The orc hits you but does no damage.
The gnoll sergeant hits you but does no damage.
The orc hits you but does no damage. The orc barely misses you.
The centaur hits you but does no damage.
The centaur kicks you but does no damage.
You shoot an arrow. The arrow hits the centaur!
You kill the centaur!
Okawaru accepts your kill.
The orc warrior hits you but does no damage.
The orc barely misses you.
The gnoll sergeant hits you but does no damage.
The orc hits you with a +0 dagger.
The orc hits you from afar with a +0 trident.
You shoot an arrow. The arrow hits the orc warrior.
The orc warrior is moderately wounded.
The gnoll sergeant hits you but does no damage.
The orc warrior hits you but does no damage.
The orc hits you but does no damage. x3
The orc hits you from afar with a +0 trident.
You die...

#########
....... #
..... .#
#.#.# ...
#.#.### ....
#.....# .....
#<###o#o.....
#># #@ooo....
#.# #oooo....
#..


googg.... #####o.g)...# oog.....# #.......# #........ ......#.# You could see an
orc warrior, 2 gnoll sergeants, 2 orc priests, 3 gnolls and 11 orcs.

Vanquished Creatures
  Sigmund (D:3)
  A steam dragon (D:8)
  A sky beast (D:7)
  2 black bears
  An ogre (D:6)
  2 phantoms
  4 centaurs
  2 kobold brigands
  3 bullfrogs (D:8)
  4 scorpions
  3 howler monkeys
  6 orc priests
  A gnoll bouda (D:6)
  2 hounds (D:7)
  A sleepcap (D:6)
  4 iguanas
  9 orc wizards
  8 gnolls
  10 adders
  3 river rats (Sewer)
  2 shadow imps
  3 white imps
  An ufetubus (D:7)
  6 worms
  3 dart slugs
  27 orcs
  9 ball pythons
  2 bat zombies (D:8)
  6 endoplasms
  3 giant cockroaches
  9 goblins
  4 hobgoblins
  11 jackals
  11 kobolds
  5 quokkas
  4 bats
  2 frilled lizards (D:1)
  8 rats
  A rat zombie (D:8)
185 creatures vanquished.

Notes
Turn   | Place    | Note
-------+----------+-------------------------------------------
     0 | D:1      | qw the Gargoyle Hexslinger began the quest for the Orb.
     0 | D:1      | Reached XP level 1. HP: 12/12 MP: 2/2
     0 | D:1      | 0 ||| qw: Version: 0.3-a-24-ga2abf7b
     0 | D:1      | 0 ||| qw: Game counter: 6969
     0 | D:1      | 0 ||| qw: Melee chars always use a shield: true
     0 | D:1      | 0 ||| qw: God list: Okawaru
     0 | D:1      | 0 ||| qw: Allow faded altars: false
     0 | D:1      | 0 ||| qw: Do Orc after clearing Dungeon:15 true
     0 | D:1      | 0 ||| qw: Do second Lair branch before Depths: true
     0 | D:1      | 0 ||| qw: Lair rune preference: random
     0 | D:1      | 0 ||| qw: Goals: Normal
     0 | D:1      | 0 ||| PLANNING D:1-11
   183 | D:1      | Reached XP level 2. HP: 16/16 MP: 3/3
   300 | D:1      | Reached skill level 3 in Ranged Weapons
   400 | D:1      | Reached XP level 3. HP: 19/21 MP: 4/4
   604 | D:1      | Found Byro's Jewellery Emporium.
   611 | D:1      | 611 ||| SHOPLISTING amulet of reflection (420 gold, have
                  | 41).
   611 | D:1      | 611 ||| SHOPLISTING amulet of the acrobat (420 gold, have
                  | 41).
   611 | D:1      | 611 ||| SHOPLISTING ring of ice (350 gold, have 41).
   611 | D:1      | 611 ||| SHOPLISTING ring of positive energy (280 gold, have
                  | 41).
   611 | D:1      | 611 ||| SHOPLISTING ring of willpower (350 gold, have 41).
   624 | D:1      | 624 ||| UPGRADING to +0 pair of boots.
   629 | D:1      | 629 ||| READING scroll labelled SISOQUSEIL.
   630 | D:1      | 630 ||| READING scroll labelled BIPUOL KONWA.
   634 | D:1      | 634 ||| READING scroll labelled YRASKEOJ OSHU.
   635 | D:1      | 635 ||| READING scroll labelled KIR RAT JAAS.
   636 | D:1      | 636 ||| DROPPING scroll of poison.
   673 | D:2      | 673 ||| STAIRDANCE
   846 | D:2      | 846 ||| READING scroll of enchant armour.
   846 | D:2      | 846 ||| ENCHANTING +0 pair of boots.
  1372 | D:2      | 1372 ||| READING scroll labelled WYPLINUSINE.
  1373 | D:2      | 1373 ||| READING scroll labelled OROAROKHUA.
  1388 | D:3      | Found a glowing drain.
  1389 | D:3      | 1389 ||| PLANNING SEWER
  1389 | D:3      | 1389 ||| STAIRDANCE
  1393 | D:3      | 1393 ||| STAIRDANCE
  1397 | D:3      | 1397 ||| STAIRDANCE
  1461 | D:3      | Reached XP level 4. HP: 17/26 MP: 5/5
  1513 | Sewer    | Entered a sewer
  1519 | Sewer    | Reached skill level 4 in Ranged Weapons
  1662 | Sewer    | Noticed a kobold brigand
  1691 | Sewer    | HP: 5/26 [kobold brigand/+0 club (3)]
  1693 | Sewer    | Killed a kobold brigand
  1694 | Sewer    | Reached skill level 5 in Ranged Weapons
  1694 | Sewer    | Reached XP level 5. HP: 6/30 MP: 6/6
  1806 | Sewer    | Found a glowing silver altar of Zin.
  1850 | D:3      | 1850 ||| PLANNING D:1-11
  1957 | D:3      | 1957 ||| READING scroll of enchant weapon.
  1957 | D:3      | 1957 ||| ENCHANTING +2 sling.
  2169 | D:3      | Reached skill level 3 in Fighting
  2169 | D:3      | Reached XP level 6. HP: 36/37 MP: 7/7
  2263 | D:3      | Noticed Sigmund
  2273 | D:3      | Killed Sigmund
  2274 | D:3      | Reached skill level 6 in Ranged Weapons
  2278 | D:3      | 2278 ||| DRINKING potion of curing.
  2278 | D:3      | 2278 ||| (to cure confusion)
  2568 | D:3      | Reached XP level 7. HP: 42/42 MP: 8/8
  2660 | D:3      | 2660 ||| UPGRADING to +0 leather armour.
  2670 | D:3      | 2670 ||| DROPPING +0 robe.
  2671 | D:3      | 2671 ||| UPGRADING to +0 ring mail.
  2681 | D:3      | 2681 ||| DROPPING +0 leather armour.
  2682 | D:3      | 2682 ||| READING scroll labelled FEFOCH BAGYHERPH.
  3250 | D:4      | 3250 ||| READING scroll labelled RYB HEISIGAL.
  3251 | D:4      | 3251 ||| READING 2 scrolls of identify.
  3251 | D:4      | 3251 ||| IDENTIFYING fuming cyan potion
  3252 | D:4      | 3252 ||| DROPPING potion of degeneration.
  3274 | D:5      | Entered Level 5 of the Dungeon
  3303 | D:5      | Reached skill level 7 in Ranged Weapons
  3490 | D:5      | Reached XP level 8. HP: 27/48 MP: 9/9
  3965 | D:5      | 3965 ||| UPGRADING to +0 helmet.
  3970 | D:5      | 3970 ||| DROPPING ring of ice.
  3971 | D:5      | 3971 ||| UPGRADING to +4 ring of protection.
  3972 | D:5      | 3972 ||| DRINKING 2 metallic green potions.
  3973 | D:5      | 3973 ||| DRINKING potion of curing.
  3973 | D:5      | 3973 ||| (to cure confusion)
  3974 | D:5      | 3974 ||| DRINKING 2 grey potions.
  3975 | D:5      | 3975 ||| DROPPING potion of ambrosia.
  3976 | D:5      | 3976 ||| DROPPING potion of brilliance.
  3989 | D:6      | Reached skill level 8 in Ranged Weapons
  4022 | D:6      | HP: 7/49 [gnoll/+0 halberd[a gnoll bouda] (9)]
  4023 | D:6      | 4023 ||| READING scroll of teleportation.
  4024 | D:6      | 4024 ||| DRINKING 3 potions of heal wounds.
  4207 | D:6      | 4207 ||| Stepping ~*~*~tactically~*~*~ (outnumbered).
  4209 | D:6      | 4209 ||| Stepping ~*~*~tactically~*~*~ (outnumbered).
  4211 | D:6      | 4211 ||| Stepping ~*~*~tactically~*~*~ (outnumbered).
  4215 | D:6      | 4215 ||| Stepping ~*~*~tactically~*~*~ (outnumbered).
  4234 | D:6      | HP: 10/49 [gnoll/+0 halberd[a gnoll bouda] (5)]
  4234 | D:6      | HP: 4/49 [gnoll/+0 halberd[a gnoll bouda] (6)]
  4235 | D:6      | 4235 ||| DRINKING 2 potions of heal wounds.
  4366 | D:6      | Reached skill level 9 in Ranged Weapons
  4409 | D:6      | 4409 ||| Stepping ~*~*~tactically~*~*~ (outnumbered).
  4411 | D:6      | 4411 ||| FLEEEEING.
  4412 | D:6      | 4412 ||| FLEEEEING.
  4413 | D:6      | 4413 ||| FLEEEEING.
  4414 | D:6      | 4414 ||| FLEEEEING.
  4415 | D:6      | 4415 ||| FLEEEEING.
  4416 | D:6      | 4416 ||| FLEEEEING.
  4417 | D:6      | 4417 ||| FLEEEEING.
  4418 | D:6      | 4418 ||| STAIRDANCE
  4456 | D:5      | 4456 ||| DRINKING 2 bubbling purple potions.
  4457 | D:5      | 4457 ||| DRINKING 2 silvery potions.
  4458 | D:5      | 4458 ||| READING 3 scrolls of identify.
  4458 | D:5      | 4458 ||| IDENTIFYING ruby potion
  4459 | D:5      | 4459 ||| READING 2 scrolls of identify.
  4459 | D:5      | 4459 ||| IDENTIFYING cyan potion
  4460 | D:5      | 4460 ||| DROPPING potion of attraction.
  4461 | D:5      | 4461 ||| DROPPING potion of berserk rage.
  4462 | D:5      | 4462 ||| DROPPING potion of invisibility.
  4472 | D:6      | 4472 ||| STAIRDANCE
  4579 | D:6      | Found a blossoming altar of Fedhas.
  4627 | D:6      | Found Qutimu's Magic Scroll Shoppe.
  4632 | D:6      | 4632 ||| BUYING scroll of brand weapon (104 gold).
  4632 | D:6      | Bought a scroll of brand weapon for 104 gold pieces
  4632 | D:6      | 4632 ||| BUYING scroll of identify (22 gold).
  4632 | D:6      | Bought a scroll of identify for 22 gold pieces
  4632 | D:6      | 4632 ||| BUYING scroll of identify (22 gold).
  4632 | D:6      | Bought a scroll of identify for 22 gold pieces
  4632 | D:6      | 4632 ||| READING scroll of brand weapon.
  4632 | D:6      | 4632 ||| BRANDING +3 sling.
  4640 | D:6      | 4640 ||| Stepping ~*~*~tactically~*~*~ (outnumbered).
  4642 | D:6      | 4642 ||| Stepping ~*~*~tactically~*~*~ (outnumbered).
  4644 | D:6      | 4644 ||| Stepping ~*~*~tactically~*~*~ (outnumbered).
  4655 | D:6      | 4655 ||| Stepping ~*~*~tactically~*~*~ (outnumbered).
  4783 | D:6      | Found a broken altar of Ashenzari.
  4783 | D:6      | Found an opulent altar of Gozag.
  4784 | D:6      | 4784 ||| SWAPPING to +0 orcbow.
  4785 | D:6      | 4785 ||| DROPPING +3 sling of draining.
  4826 | D:6      | Found a staircase to the Ecumenical Temple.
  4827 | D:6      | 4827 ||| PLANNING TEMPLE
  4827 | D:6      | 4827 ||| READING 3 scrolls of identify.
  4827 | D:6      | 4827 ||| IDENTIFYING fizzy pink potion
  4836 | Temple   | Entered the Ecumenical Temple
  4836 | Temple   | Found a transporter.
  4836 | Temple   | Found a transporter.
  4838 | Temple   | Found a transporter.
  4838 | Temple   | Found a transporter.
  4848 | Temple   | 4848 ||| PLANNING D:1-11
  4925 | D:6      | Found a shimmering altar of Xom.
  5068 | D:7      | Reached skill level 6 in Fighting
  5075 | D:7      | Found a burning altar of Makhleb.
  5090 | D:7      | Found a flagged portal.
  5094 | D:7      | 5094 ||| READING scroll of enchant weapon.
  5094 | D:7      | 5094 ||| ENCHANTING +0 orcbow.
  5121 | D:7      | Reached XP level 9. HP: 55/55 MP: 10/10
  5157 | D:7      | Found Paruwnuc's Antique Weapon Shoppe.
  5338 | D:7      | 5338 ||| FLEEEEING.
  5339 | D:7      | 5339 ||| FLEEEEING.
  5340 | D:7      | 5340 ||| FLEEEEING.
  5341 | D:7      | 5341 ||| FLEEEEING.
  5342 | D:7      | 5342 ||| FLEEEEING.
  5343 | D:7      | 5343 ||| FLEEEEING.
  5344 | D:7      | 5344 ||| FLEEEEING.
  5345 | D:7      | 5345 ||| FLEEEEING.
  5346 | D:7      | 5346 ||| FLEEEEING.
  5347 | D:7      | 5347 ||| FLEEEEING.
  5349 | D:7      | 5349 ||| FLEEEEING.
  5350 | D:7      | 5350 ||| FLEEEEING.
  5352 | D:7      | 5352 ||| FLEEEEING.
  5353 | D:7      | 5353 ||| FLEEEEING.
  5354 | D:7      | 5354 ||| FLEEEEING.
  5355 | D:7      | 5355 ||| FLEEEEING.
  5356 | D:7      | 5356 ||| FLEEEEING.
  5357 | D:7      | 5357 ||| STAIRDANCE
  5491 | D:7      | Reached skill level 10 in Ranged Weapons
  5659 | D:7      | Reached skill level 3 in Armour
  5710 | D:7      | 5710 ||| Stepping ~*~*~tactically~*~*~ (outnumbered).
  5713 | D:7      | 5713 ||| Stepping ~*~*~tactically~*~*~ (outnumbered).
  5814 | D:7      | Noticed qw's ghost (novice DEHu)
  5815 | D:7      | Found a runed translucent gate.
  5815 | D:7      | Found a runed translucent gate.
  5815 | D:7      | Found a runed translucent gate.
  5815 | D:7      | Noticed a spectral unseen horror
  6000 | D:7      | 6000 ||| UPGRADING to +0 pair of gloves.
  6005 | D:7      | 6005 ||| DRINKING 2 viscous sapphire potions.
  6042 | D:7      | 6042 ||| DROPPING potion of lignification.
  6085 | D:8      | Found an iron altar of Okawaru.
  6086 | D:8      | 6086 ||| PLANNING OKAWARU WORSHIP
  6090 | D:8      | 6090 ||| Stepping ~*~*~tactically~*~*~ (cloud).
  6168 | D:8      | Became a worshipper of Warmaster Okawaru
  6169 | D:8      | 6169 ||| PLANNING D:1-11
  6455 | D:8      | Found an ancient bone altar of Kikubaaqudgha.
  6768 | D:8      | Found a radiant altar of Vehumet.
  7033 | D:8      | 7033 ||| UPGRADING to +1 pair of gloves.
  7043 | D:8      | 7043 ||| DROPPING +0 pair of gloves.
  7044 | D:8      | 7044 ||| UPGRADING to ring of see invisible.
  7045 | D:8      | 7045 ||| READING scroll labelled XOJESO RISH.
  7046 | D:8      | 7046 ||| READING 4 scrolls of identify.
  7046 | D:8      | 7046 ||| IDENTIFYING fuming emerald potion
  7047 | D:8      | 7047 ||| READING 3 scrolls of identify.
  7047 | D:8      | 7047 ||| IDENTIFYING inky potion
  7117 | D:9      | HP: 13/57 [orc/+0 hand axe (2)]
  7118 | D:9      | 7118 ||| DRINKING 3 potions of heal wounds.
  7120 | D:9      | 7120 ||| DRINKING 2 potions of heal wounds.
  7128 | D:9      | HP: 12/57 [gnoll sergeant/+0 spear (4)]
  7129 | D:9      | 7129 ||| DRINKING potion of heal wounds.
  7132 | D:9      | HP: 5/57 [centaur (1)]
  7133 | D:9      | HP: 1/57 [orc/+0 trident (3)]
  7134 | D:9      | Slain by an orc

Levels and vault maps discovered:
D:1:      pf_arrival_petrified_forest, layout_loops_ring, serial_shops, shop
D:2:      layout_loops_ring
D:3:      layout_basic, cheibrodos_sewer_entry_sluice, serial_rivers,
          chequers_serial_rivers_micro_e, chequers_serial_rivers_small_b,
          chequers_serial_rivers_small_b, chequers_serial_rivers_small_a,
          uniq_sigmund
D:4:      layout_rooms, kennysheep_generic_room_15
D:5:      layout_rooms
D:6:      layout_rooms, kennysheep_mini, nicolae_overflow_two_pavilions,
          fedhas_altar_fruit_tree, lemuel_temple_firewalk_b, serial_shops, shop
D:7:      layout_loops_ring, bloody_makhleb, enter_bailey_2, serial_shops,
          nicolae_shop_real_fake_doors, gammafunk_ghost_necromancy
D:8:      layout_layer_cave, lemuel_zombie_altar_kikubaaqudgha,
          mainiacjoe_overflow_paths, okawaru_metal_pillars_3
D:9:      layout_loops_ring, hiddenorc1_lemuel, nicolae_rejected_hall
Temple:   hellmonk_temple_divided_pantheon

Skill      XL: |  1  2  3  4  5  6  7  8  9 |
---------------+----------------------------+-----
Ranged Weapons | 3 5 6 7 9 10 | 10.9
Fighting       | 2 3 4 6 7 |  7.1
Armour         | 2 3 |  3.1
Dodging        | 2 |  2.1
Spellcasting   | |  1.0
Hexes          | |  2.6

Action                     |  1- 3 |  4- 6 |  7- 9 || total
---------------------------+-------+-------+-------++-------
   Fire: Sling             |   142 |   187 |   304 ||   633
         Orcbow            |       |       |   229 ||   229
    Use: Scroll            |     7 |     1 |    12 ||    20
         Potion            |       |     1 |    11 ||    12
 Armour: Robe              |    32 |    49 |       ||    81
         Ring mail         |       |       |   411 ||   411
  Dodge: Dodged            |    72 |    78 |   365 ||   515

Table legend:
 A = Non-vault XP
 B = Vault XP
 C = Vault XP percentage of total XP
 D = Non-vault monster count
 E = Vault monster count
 F = Vault count percentage of total count
                 A         B        C        D         E       F
            +---------+---------+-------+---------+---------+-------
      Total |    3590 |     442 |  11.0 |     162 |      23 |  12.4
            +---------+---------+-------+---------+---------+-------
        D:1 |      44 |       0 |   0.0 |      22 |       0 |   0.0
        D:2 |      36 |       0 |   0.0 |      11 |       0 |   0.0
        D:3 |     171 |     237 |  58.1 |      31 |       3 |   8.8
        D:4 |     249 |       3 |   1.2 |      19 |       2 |   9.5
        D:5 |     492 |       0 |   0.0 |      15 |       0 |   0.0
        D:6 |     870 |       0 |   0.0 |      24 |       0 |   0.0
        D:7 |     714 |       0 |   0.0 |      24 |       0 |   0.0
        D:8 |     746 |       5 |   0.7 |      11 |       3 |  21.4
        D:9 |     268 |      47 |  14.9 |       5 |       3 |  37.5
      Sewer |       0 |     150 | 100.0 |       0 |      12 | 100.0
            +---------+---------+-------+---------+---------+-------
